 Dungeon Crawl Stone Soup version 0.29-a0-289-g2178c42546 (webtiles) character file.

Game seed: 7329718038194815340

331 sanka the Ducker (level 6, 0/78 HPs)
             Began as a Gnoll Monk on Mar 17, 2022.
             Was a Believer of Ru.
             Slain by a killer bee (1 damage)
             ... on level 5 of the Dungeon.
             The game lasted 00:06:43 (4016 turns).

sanka the Ducker (Gnoll Monk)                       Turns: 4016, Time: 00:06:44

Health: 0/78       AC: 27    Str: 12    XL:     6   Next: 51%
Magic:  0/8        EV:  2    Int: 10    God:    Ru [**....]
Gold:   211        SH:  0    Dex: 14    Spells: 8/8 levels left

rFire   . . .      SeeInvis .     - Unarmed
rCold   + . .      Faith    .   (no shield)
rNeg    . . .      Spirit   +   (body armour currently unavailable)
rPois   +          Reflect  .   (helmet currently unavailable)
rElec   .          Harm     .   (cloak currently unavailable)
rCorr   .          Rampage  .   (gloves currently unavailable)
Will    .....      NoTele   +   (boots currently unavailable)
Stlth   +++.......              n - amulet of guardian spirit
HPRegen 0.23/turn               D - +4 ring of protection
MPRegen 0.11/turn               A - ring of protection from cold

@: mighty, brilliant, lethally poisoned (0 -> -4), tree-form
A: stationary, stasis, torment immunity, boosted hp, (fangs 1), no hexes magic,
no poison magic, no summoning magic, unskilled 1, strong nose, distributed
training
a: Renounce Religion


You were on level 5 of the Dungeon.
You worshipped Ru.
Ru was pleased with you.
You were a tree.
You visited 1 branch of the dungeon, and saw 5 of its levels.

You collected 211 gold pieces.


Innate Abilities, Weirdness & Mutations

You are a tree.
Your roots penetrate the ground, keeping you stationary.
You cannot be teleported.
You are immune to unholy pain and torment.
Your maximum health is greatly increased.
Your equipment is partially melded.
((You have very sharp teeth.))
You cannot study or cast Hexes magic.
You cannot study or cast Poison magic.
You cannot study or cast Summoning magic.
You are somewhat unskilled. (-1 Apt)
Your uncanny sense of smell can sniff out nearby items.
Your experience applies equally to all skills.


   Skills:
 + Level 6.2 Fighting
 + Level 1.8 Short Blades
 + Level 1.8 Long Blades
 + Level 6.2 Axes
 + Level 1.8 Maces & Flails
 + Level 1.8 Polearms
 + Level 1.8 Staves
 + Level 1.8 Slings
 + Level 1.8 Bows
 + Level 1.8 Crossbows
 + Level 1.8 Throwing
 + Level 1.8 Armour
 + Level 6.2 Dodging
 + Level 4.2 Stealth
 + Level 1.8 Shields
 + Level 1.8 Unarmed Combat
 + Level 1.8 Spellcasting
 + Level 1.4 Conjurations
   Level 0.0 Hexes
   Level 0.0 Summonings
 + Level 1.4 Necromancy
 + Level 1.4 Translocations
 + Level 1.4 Transmutations
 + Level 1.4 Fire Magic
 + Level 1.4 Ice Magic
 + Level 1.4 Air Magic
 + Level 1.4 Earth Magic
   Level 0.0 Poison Magic
 + Level 2.0 Invocations
 + Level 1.8 Evocations


You had 8 spell levels left.
You didn't know any spells.
Your spell library contained the following spells:

 Spells                   Type           Power      Damage    Failure   Level
 Scorch                   Fire           10%        2d5       26%         2
 Flame Wave               Conj/Fire      5%         2d5       87%         4
 Summon Cactus Giant      Summ           Unusable   N/A       N/A         6

Inventory:

Hand Weapons
 a - a +1 vorpal war axe
Missiles
 E - 5 poisoned darts (quivered)
Armour
 b - a +0 robe (melded)
 j - a +1 hat (melded)
 l - a +0 cloak (melded)
 C - a scarf of shadows
Magical Staves
 s - a staff of conjuration {!a}
Jewellery
 i - a ring of fire
 n - an amulet of guardian spirit (around neck)
 A - a ring of protection from cold (right branch)
 D - a +4 ring of protection (left branch)
Wands
 y - a wand of digging (7)
Scrolls
 e - 2 scrolls of amnesia {unknown}
 f - 3 scrolls of fog {unknown}
 h - a scroll of fear {unknown}
 p - a scroll of enchant armour {unknown}
 r - 2 scrolls of brand weapon {unknown}
 u - a scroll of magic mapping {unknown}
 v - 3 scrolls of identify {unknown}
 z - a scroll of blinking {unknown}
 B - a scroll of enchant weapon {unknown}
Potions
 d - a potion of invisibility {unknown}
 k - a potion of might
 m - a potion of heal wounds {unknown}
 o - a potion of haste {unknown}
 q - a potion of brilliance
 t - 3 potions of lignification {!q}
 w - 2 potions of degeneration {unknown}
 x - a potion of attraction {unknown}

Dungeon Overview and Level Annotations

Branches:
Dungeon (5/15)             Temple (0/1) D:4

Altars:
Fedhas
Makhleb
Ru
Trog

Shops:
D:3 (==*

Annotations:
D:3 Sigmund
D:4 Edmund

▒. ▒.▒ ▒.▒▒▒.▒▒▒.▒
.▒▒▒▒.▒▒.▒▒▒▒......[..▒
........................
▒..............[........
.......▒▒..▒▒.........▒
▒▒▒.▒▒▒.....▒▒...†...)▒▒
▒8... ▒..▒▒.▒▒........▒
▒....h▒yy▒▒.▒▒........▒
...8.yy♣▒▒▒..▒........▒
▒.....▒h▒ ▒..▒........▒
▒8...8▒.. ▒..▒▒▒.....▒▒
▒▒▒.▒ ▒..▒▒... ▒.....▒
... ...▒ ▒.....▒ ▒..∆
...▒ ▒...... .. ....
....▒


You could see a black bear, a hound and 4 killer bees.


Message History

The killer bee stings you.
* * * LOW HITPOINT WARNING * * *
You focus your inner power and illuminate the killer bee in retribution!
The killer bee stings you but does no damage.
Unknown command.
Unknown command.
It was a potion of brilliance.
You feel clever all of a sudden.
You redirect the hound's attack!
The hound bites the killer bee.
The killer bee stings you but does no damage.
The killer bee stings you but does no damage.
The killer bee stings you but does no damage.
The hound bites you but does no damage.
The killer bee stings you but does no damage.
The killer bee stings you.
* * * LOW HITPOINT WARNING * * *
You are lethally poisoned!
The killer bee poisons you!
The killer bee stings you but does no damage.
Unknown command.
Unknown command.
It was a potion of might.
You feel very mighty all of a sudden.
* * * LOW HITPOINT WARNING * * *
You feel sick. The killer bee stings you.
* * * LOW HITPOINT WARNING * * *
The killer bee stings you.
You die...

Action                   |  1- 3 |  4- 6 || total
-------------------------+-------+-------++-------
Melee: Hand axe          |    98 |    97 ||   195
       Bite              |     9 |    16 ||    25
       Punch             |       |     2 ||     2
       War axe           |       |    48 ||    48
       Unarmed           |       |     1 ||     1
Invok: Sacrifice Arcana  |     1 |       ||     1
       Sacrifice Skill   |       |     1 ||     1
  Use: Potion            |       |     7 ||     7
 Stab: Sleeping          |     4 |     4 ||     8
       Distracted        |       |     1 ||     1
Armor: Robe              |    10 |    38 ||    48
       Skin              |       |    29 ||    29
Dodge: Dodged            |    58 |   157 ||   215

Levels and vault maps discovered:
D:1:      dpeg_arrival_brainrot, layout_loops_ring,
          shapermc_ecumenical_altar_venn
D:2:      layout_basic, basic_altar, roderic_lattice_a, minmay_split_cup_small
D:3:      layout_rooms, serial_shops, nicolae_square_shop,
          nicolae_shop_advertising_works [nicolae_subvault_shop_adworks], shop,
          nicolae_shop_window_shopping, chequers_arboretum,
          palyth_stone_intersect, uniq_sigmund
D:4:      layout_rooms, fedhas_altar_2, minmay_temple_entry_drinking_statues,
          minmay_starry_boxes, uniq_edmund
D:5:      layout_basic, makhleb_heckhound_becter, minmay_chambers_of_fives,
          uniq_menkaure

Notes
Turn   | Place    | Note
-------+----------+-------------------------------------------
     0 | D:1      | sanka the Gnoll Monk began the quest for the Orb.
     0 | D:1      | Reached XP level 1. HP: 23/23 MP: 1/1
   508 | D:1      | Reached XP level 2. HP: 19/29 MP: 2/2
   965 | D:1      | Reached XP level 3. HP: 30/35 MP: 3/3
   977 | D:1      | Found a faded altar of an unknown god.
   981 | D:1      | Prayed at the altar of an unknown god.
   981 | D:1      | Became a worshipper of Ru the Awakened
  1017 | D:1      | Gained mutation: You cannot study or cast Poison magic. [Ru
                  | sacrifice]
  1017 | D:1      | Gained mutation: You cannot study or cast Hexes magic. [Ru
                  | sacrifice]
  1017 | D:1      | Gained mutation: You cannot study or cast Summoning magic.
                  | [Ru sacrifice]
  1017 | D:1      | Reached * piety under Ru
  1539 | D:2      | Reached skill level 1 in Invocations
  1660 | D:2      | Found a bloodstained altar of Trog.
  1868 | D:2      | Reached skill level 1 in Short Blades
  1868 | D:2      | Reached skill level 1 in Long Blades
  1868 | D:2      | Reached skill level 1 in Maces & Flails
  1868 | D:2      | Reached skill level 1 in Polearms
  1868 | D:2      | Reached skill level 1 in Staves
  1868 | D:2      | Reached skill level 1 in Slings
  1868 | D:2      | Reached skill level 1 in Bows
  1868 | D:2      | Reached skill level 1 in Crossbows
  1868 | D:2      | Reached skill level 1 in Throwing
  1868 | D:2      | Reached skill level 1 in Armour
  1868 | D:2      | Reached skill level 1 in Shields
  1868 | D:2      | Reached skill level 1 in Unarmed Combat
  1868 | D:2      | Reached skill level 1 in Spellcasting
  1868 | D:2      | Reached skill level 1 in Evocations
  1868 | D:2      | Reached XP level 4. HP: 40/41 MP: 5/5
  2238 | D:3      | Noticed Sigmund
  2258 | D:3      | Found Mahioz's Jewellery Boutique.
  2334 | D:3      | Found Fekol's Antique Weapon Shop.
  2385 | D:3      | Found Lopyta's Jewellery Shop.
  2435 | D:3      | Found Maeru's General Store.
  2932 | D:4      | Reached skill level 1 in Conjurations
  2932 | D:4      | Reached skill level 1 in Necromancy
  2932 | D:4      | Reached skill level 1 in Translocations
  2932 | D:4      | Reached skill level 1 in Transmutations
  2932 | D:4      | Reached skill level 1 in Fire Magic
  2932 | D:4      | Reached skill level 1 in Ice Magic
  2932 | D:4      | Reached skill level 1 in Air Magic
  2932 | D:4      | Reached skill level 1 in Earth Magic
  3011 | D:4      | Reached XP level 5. HP: 41/47 MP: 4/6
  3302 | D:4      | Found a staircase to the Ecumenical Temple.
  3333 | D:4      | Noticed Edmund
  3413 | D:4      | Found a blossoming altar of Fedhas.
  3542 | D:4      | Gained mutation: You are somewhat unskilled. (-1 Apt) [Ru
                  | sacrifice]
  3542 | D:4      | Reached ** piety under Ru
  3742 | D:5      | Entered Level 5 of the Dungeon
  3746 | D:5      | Found a burning altar of Makhleb.
  3770 | D:5      | Reached XP level 6. HP: 23/52 MP: 3/8
  3776 | D:5      | HP: 5/52 [killer bee (3)]
  4005 | D:5      | Noticed a black bear
  4008 | D:5      | Reached skill level 2 in Invocations
  4009 | D:5      | HP: 7/78 [killer bee (3)]
  4014 | D:5      | Noticed a wyvern
  4014 | D:5      | HP: 5/78 [killer bee (5)]
  4016 | D:5      | HP: 2/78 [poisoned by a killer bee]
  4016 | D:5      | Slain by a killer bee

Vanquished Creatures
  2 killer bees (D:5)
  3 hounds
  An iguana (D:4)
  4 adders
  An ufetubus (D:5)
  A worm (D:1)
  5 endoplasms
  5 giant cockroaches
  7 goblins
  10 hobgoblins
  9 jackals
  5 kobolds
  2 quokkas
  10 ball pythons
  6 bats
  6 frilled lizards
77 creatures vanquished.
